 Dungeon Crawl Stone Soup version 0.22-a0-407-gb098539 (webtiles) character file.

24 inmateoo the Sneak (level 2, -2/19 HPs)
             Began as a Felid Wanderer on May 9, 2018.
             Slain by a hound (3 damage)
             ... on level 2 of the Dungeon.
             The game lasted 00:01:12 (1083 turns).

inmateoo the Sneak (Felid Wanderer)                 Turns: 1083, Time: 00:01:13

Health: -2/19      AC: 21    Str:  8    XL:     2   Next: 79%
Magic:  3/3        EV:  4    Int: 12    God:
Gold:   83         SH:  0    Dex: 16    Spells: 1/1 levels left
                                        Lives:  0   Deaths: 0

rFire    . . .     SeeInvis +     - Unarmed
rCold    . . .     Gourm    .   (shield unavailable)
rNeg     + + +     Faith    .   (armour unavailable)
rPois    +         Spirit   .   (helmet unavailable)
rElec    .         Reflect  .   (cloak unavailable)
rCorr    .         Harm     .   (gloves unavailable)
MR       .....     NoTele   +   (boots unavailable)
Stlth    +++.......             (no amulet)
HPRegen  0.06/turn              (no ring)
MPRegen  0.08/turn              (no ring)

@: tree-form
A: very small, no armour, no weapons or thrown items, stealth, see invisible,
carnivore, slow metabolism 1
a: no special abilities


You were on level 2 of the Dungeon.
You were completely stuffed.
You were a tree.
You visited 1 branch of the dungeon, and saw 2 of its levels.

You collected 83 gold pieces.

Inventory:

Wands
 g - a wand of acid (10)
Scrolls
 a - a scroll of blinking
 b - 2 scrolls of fear
 e - a scroll of amnesia {unknown}
 i - a scroll of magic mapping {unknown}
Potions
 d - 3 potions of curing
 h - a potion of haste {unknown}
Comestibles
 f - 2 rations


   Skills:
 + Level 2.3 Fighting
 + Level 2.0 Dodging
 + Level 4.4 Stealth
 * Level 4.3 Unarmed Combat


You had one spell level left.
You didn't know any spells.

Dungeon Overview and Level Annotations

Branches:
Dungeon (2/15)

Altars:


Innate Abilities, Weirdness & Mutations

You cannot wear armour.
You are incapable of wielding weapons or throwing items.
Your paws allow you to move quietly. (Stealth)
((You have sharp claws.))
((You have razor-sharp teeth.))
You have supernaturally acute eyesight. (SInv)
You are carnivorous and can eat meat at any time.
((You cover ground quickly.))
((You are covered in fur. (AC +1)))
You have a slow metabolism.
((Your sharp claws are effective at attacking unaware monsters.))


Message History

Unknown command.
You turn into a tree.
Your roots penetrate the ground.
The hound barely misses you.
Unknown command.
You hit the hound but do no damage.
The hound is lightly wounded.
The hound barely misses you.
You hit the hound but do no damage.
The hound is lightly wounded.
The hound bites you but does no damage.
The orc suddenly grunts.
The hound bites you but does no damage.
You hit the hound.
The hound is moderately wounded.
The hound bites you but does no damage.
You hit the hound.
The hound is moderately wounded.
The hound pauses to sniff the ground.
The hound bites you but does no damage. The hound bites you.
You die...

##.#####...## .# #.# ##.....##
.# ##.# #.......# .# ...#
#......# .# #### ##...#.# .#
.## ##.##.# ##.# ..## ##.###.#
##(.##
...####...##.########(...###
...'.†..........♣hgo.......'.
...####...##.########....###..
..## ##.###.# ##.#.# .## ###
#.# ###.# ## ##.# .# # #..# .#
###########.## #........##.#
#.######†##.#


You could see a hound, an orc and a hobgoblin.

Vanquished Creatures
  An ooze (D:1)
  A worm (D:2)
  A leopard gecko (D:2)
  A ball python (D:1)
  5 goblins
  2 hobgoblins (D:1)
  A bat (D:2)
  A frilled lizard (D:2)
  A kobold (D:1)
  2 rats
16 creatures vanquished.

Vanquished Creatures (others)
  A hobgoblin (D:2)
1 creature vanquished.

Grand Total: 17 creatures vanquished

Notes
Turn   | Place    | Note
-------+----------+-------------------------------------------
     0 | D:1      | inmateoo the Felid Wanderer began the quest for the Orb.
     0 | D:1      | inmateoo set off with: a scroll of blinking, a scroll of fear, a potion of lignification, a potion of curing, a ration
     0 | D:1      | Reached XP level 1. HP: 9/9 MP: 2/2
   218 | D:1      | Reached XP level 2. HP: 13/13 MP: 3/3
  1083 | D:2      | Slain by a hound

Vault maps used:
D:1:      wheals_arrival_linesprint, minmay_pentomino_x4
D:2:      minmay_door_path, cheibriados_altar_1, eat_drink_and_be_merry_uskayaw,
          lemuel_crystal_altar, first_ration, elyvilon_altar_4

Skill      XL: |  1  2 |
---------------+-------+-----
Dodging        | 2 |  2.0
Fighting       | |  2.3
Stealth        | |  4.4
Unarmed Combat | |  4.3

Action                   || total
-------------------------++-------
Melee: Unarmed           ||    38
       Bite              ||     4
  Use: Scroll            ||     2
       Potion            ||     1
 Stab: Sleeping          ||     6
       Distracted        ||     1
  Eat: Chunk             ||     7
Armor: Skin              ||     6
Dodge: Dodged            ||    23

Table legend:
 A = Spawn XP
 B = Non-spawn XP
 C = Spawn XP percentage of total XP
 D = Spawn monster count
 E = Non-spawn monster count
 F = Spawn count percentage of total count
 G = Total turns spent on level
                    A         B        C        D         E        F      G
               +---------+---------+-------+---------+---------+-------+---------
         Total |       0 |      35 |   0.0 |       0 |      16 |   0.0 |  1083
               +---------+---------+-------+---------+---------+-------+---------
           D:1 |       0 |      22 |   0.0 |       0 |      10 |   0.0 |   819
           D:2 |       0 |      13 |   0.0 |       0 |       6 |   0.0 |   264
               +---------+---------+-------+---------+---------+-------+---------
